 Dungeon Crawl Stone Soup version 0.18-a0-1426-g3b9a63c (webtiles) character file.

88 chei the Slasher (level 4, -2/42 HPs)
             Began as a Naga Chaos Knight on Feb 27, 2016.
             Slain by a gnoll
             ... wielding a cursed -3 club
              (4 damage)
             ... on level 3 of the Dungeon.
             The game lasted 00:01:47 (1616 turns).

chei the Slasher (Naga Chaos Knight)                Turns: 1616, Time: 00:01:48

Health: -2/42      AC:  6    Str: 15    XL:     4   Next: 54%
Magic:  4/4        EV:  9    Int: 12    God:    Xom [..*...]
Gold:   101        SH:  0    Dex: 11    Spells: 0 memorised, 3 levels left

rFire  . . .     SeeInvis +     a - +0 falchion (chaos)
rCold  . . .     Gourm    .     b - +2 leather armour
rNeg   . . .     Faith    .     (no shield)
rPois  +         Spirit   .     (no helmet)
rElec  .         Dismiss  .     n - +0 cloak
rCorr  .         Reflect  .     (no gloves)
SustAt .         Harm     .     (no barding)
MR     .....                    (no amulet)
Stlth  +.........               (no ring)
                                (no ring)

@: very slow, not resistant to hostile enchantments, very unstealthy
A: see invisible, deformed body, poison resistance, slowness 2, slow metabolism
1, spit poison 2, AC +1
a: Spit Poison, Renounce Religion


You were on level 3 of the Dungeon.
You worshipped Xom.
You were a toy of Xom.
You were very hungry.

You visited 1 branch of the dungeon, and saw 3 of its levels.

You collected 101 gold pieces.

Inventory:

Hand Weapons
 a - a +0 falchion of chaos (weapon)
Armour
 b - a +2 leather armour (worn)
 n - a +0 cloak (worn)
Scrolls
 e - 3 scrolls of enchant armour {unknown}
 h - a scroll of remove curse {unknown}
 i - 3 scrolls of identify {unknown}
 l - a scroll of teleportation {unknown}
 o - 2 scrolls of amnesia {unknown}
Potions
 f - a potion of haste {unknown}
 g - a potion of curing
 j - a potion of might {unknown}
 m - a potion of agility {unknown}
Comestibles
 c - a bread ration
 d - a beef jerky
 k - 3 fruits


   Skills:
 + Level 3.2 Fighting
 * Level 3.8 Long Blades
 + Level 2.7 Armour
 + Level 1.2 Dodging
 + Level 1.4 Stealth


You had 3 spell levels left.
You didn't know any spells.

Dungeon Overview and Level Annotations

Branches:
Dungeon (3/15)

Altars:


Innate Abilities, Weirdness & Mutations

You cannot wear boots.
Your serpentine skin is tough (AC +1).
You have supernaturally acute eyesight.
Armour fits poorly on your strangely shaped body.
Your system is resistant to poisons.
You cover ground very slowly.
You have a slow metabolism.
You can spit poison.


Message History

You completely miss the gnoll.
The gnoll is lightly wounded.
The gnoll hits you with a flail.
* * * LOW HITPOINT WARNING * * *
The gnoll hits you but does no damage. The gnoll closely misses you.
Unknown command.
You are too injured to fight recklessly!
Drink which item? (? for menu, Esc to quit)
It was a potion of curing.
You feel better.
Xom thinks this is hilarious!
The gnoll closely misses you.
The gnoll hits you with a flail of protection.
* * * LOW HITPOINT WARNING * * *
The gnoll barely misses you. The gnoll barely misses you.
The gnoll hits you with a flail!
* * * LOW HITPOINT WARNING * * *
The gnoll hits you but does no damage. The gnoll hits you with a club.
You die...
Xom giggles madly!

### #<# # #.#
.. #####'## ...
#....@.# ....
#.....g# .....
#....gg#......
+.............
#####.#.....<.
...#.......
.............
..###..#.#.###.
# #..#.#.#


You could see 3 gnolls.

Vanquished Creatures
  A gnoll (D:1)
  An adder (D:2)
  3 oozes
  5 dart slugs
  2 giant geckos (D:2)
  4 giant cockroaches
  6 hobgoblins
  3 jackals (D:1)
  A quokka (D:2)
  6 bats
  A giant newt (D:1)
  5 goblins (D:1)
  2 kobolds (D:2)
  4 rats
44 creatures vanquished.

Notes
Turn   | Place    | Note
--------------------------------------------------------------
     0 | D:1      | chei the Naga Chaos Knight began the quest for the Orb.
     0 | D:1      | Reached XP level 1. HP: 21/21 MP: 1/1
    75 | D:1      | Reached skill level 1 in Dodging
    75 | D:1      | Reached XP level 2. HP: 5/28 MP: 2/2
   133 | D:1      | XOM: divination: detect items
   630 | D:1      | Reached XP level 3. HP: 24/34 MP: 3/3
   677 | D:1      | XOM: divination: magic mapping
  1149 | D:2      | Reached XP level 4. HP: 42/42 MP: 4/4
  1264 | D:2      | Reached skill level 1 in Stealth
  1268 | D:2      | XOM: divination: detect items
  1426 | D:2      | XOM: divination: detect creatures
  1614 | D:3      | HP: 2/42 [gnoll/flail (10)]
  1616 | D:3      | Slain by a gnoll

Vault maps used:
D:1:      tarquinn_simple_flora_water_c, hex_large, minmay_misc_feat_hallway
D:3:      nicolae_overflow_crystal_walls, serial_corexii_hall,
          corexii_hall_statues_x, corexii_hall_statues_i,
          wad_floor_pattern_untrapped, johnstein_pakellas_death_squad,
          uniq_grinder

Skill      XL: |  1  2  3  4 |
---------------+-------------+-----
Dodging        | 1 |  1.2
Armour         | 2 |  2.7
Stealth        | 1 |  1.4
Fighting       | |  3.2
Long Blades    | |  3.8

Action                   |  1- 3 |  4- 6 || total
-------------------------+-------+-------++-------
Melee: Falchion          |    90 |    49 ||   139
  Use: Potion            |       |     1 ||     1
 Stab: Paralysed         |     3 |       ||     3
       Sleeping          |       |     1 ||     1
